PAA
SPRINGFIELD SHOOTERS @ MARQUETTE MINERS
08/16/2020
 
TOP OF THE 1ST
Springfield Shooters batting - Pitching for Marquette Miners : RHP Dave Conley
Pitching: RHP Dave Conley
Batting: RHB Tom Potts 0-0: Fly out, F9 (Flyball, 9M)
Batting: SHB Adrián Pueblo 0-0: Ball
1-0: Swinging Strike
1-1: Ball
2-1: Ball
3-1: Fly out, F7 (Flyball, 7LM)
Batting: SHB Jared Jefferson 0-0: Swinging Strike
0-1: Ball
1-1: Swinging Strike
1-2: Strikes out looking
Top of the 1st over - 0 run(s), 0 hit(s), 0 error(s), 0 left on base; Springfield 0 - Marquette 0
BOTTOM OF THE 1ST
Marquette Miners batting - Pitching for Springfield Shooters : LHP Hank Downey
Pitching: LHP Hank Downey
Batting: RHB Jesús López 0-0: Ball
1-0: Ball
2-0: Called Strike
2-1: SINGLE (Line Drive, 56D)
Batting: RHB Kade Knowles 0-0: Ball
1-0: Ball
Wild Pitch!
Jesús López to second
2-0: Fly out, F5 (Line Drive, 5)
Batting: LHB Yannick Hendriksen 0-0: Foul Ball, location: 2F
0-1: Ball
Jesús López is caught stealing 3rd base
1-1: Ground out 3-5 (Groundball, 3S)
Bottom of the 1st over - 0 run(s), 1 hit(s), 0 error(s), 0 left on base; Springfield 0 - Marquette 0
TOP OF THE 2ND
Springfield Shooters batting - Pitching for Marquette Miners : RHP Dave Conley
Batting: RHB Randy Galloway 0-0: Ground out 4-3 (Groundball, 4)
Batting: LHB Pancho Ruíz 0-0: Ball
1-0: Foul Ball, location: 2F
1-1: Ball
2-1: Foul Ball, location: 2F
2-2: Foul Ball, location: 2F
2-2: Fly out, F8 (Flyball, 78XD)
Batting: RHB Jim Unknown 0-0: Called Strike
0-1: Foul Ball, location: 2F
0-2: Ball
1-2: Ground out 4-3 (Groundball, 4M)
Top of the 2nd over - 0 run(s), 0 hit(s), 0 error(s), 0 left on base; Springfield 0 - Marquette 0
BOTTOM OF THE 2ND
Marquette Miners batting - Pitching for Springfield Shooters : LHP Hank Downey
Batting: SHB Orlando Deleón 0-0: Ball
1-0: Swinging Strike
1-1: Ball
2-1: Foul Ball, location: 2F
2-2: Ground out 5-3 (Groundball, 5)
Batting: RHB Isaac Downey 0-0: Ground out 5-3 (Groundball, 15S)
Batting: RHB Adrian Hale 0-0: Ball
1-0: Foul Ball, location: 2F
1-1: DOUBLE (Line Drive, 9LM)
Batting: RHB Manuel Herrera 0-0: Fly out, F9 (Flyball, 89S)
Bottom of the 2nd over - 0 run(s), 1 hit(s), 0 error(s), 1 left on base; Springfield 0 - Marquette 0
TOP OF THE 3RD
Springfield Shooters batting - Pitching for Marquette Miners : RHP Dave Conley
Batting: RHB Jim Unknown 0-0: Ball
1-0: Ball
2-0: Called Strike
2-1: Ball
3-1: Base on Balls
Batting: RHB Jim Unknown 0-0: Called Strike
0-1: DOUBLE (Flyball, 78M)
Jim Unknown to third
Batting: LHB Jim Unknown 0-0: Ball
1-0: Swinging Strike
1-1: Foul Ball, location: 2F
1-2: 3-RUN HOME RUN (Line Drive, 78XD), Distance : 458 ft
Batting: RHB Tom Potts 0-0: Ball
1-0: DOUBLE (Line Drive, 7LS)
Batting: SHB Adrián Pueblo 0-0: Called Strike
0-1: Swinging Strike
0-2: Ball
1-2: Strikes out looking
Batting: SHB Jared Jefferson 0-0: DOUBLE (Line Drive, 9LD)
Tom Potts scores
Batting: RHB Randy Galloway 0-0: Ground out 6-3 (Groundball, 6)
Jared Jefferson to third
Batting: LHB Pancho Ruíz 0-0: Called Strike
0-1: Ball
1-1: Foul Ball, location: 2F
1-2: Fly out, F8 (Flyball, 8LD)
Top of the 3rd over - 4 run(s), 4 hit(s), 0 error(s), 1 left on base; Springfield 4 - Marquette 0
BOTTOM OF THE 3RD
Marquette Miners batting - Pitching for Springfield Shooters : LHP Hank Downey
Batting: RHB Dave Moulin 0-0: Ball
1-0: Ball
2-0: Called Strike
2-1: Foul Ball, location: 2F
2-2: Ball
3-2: Ground out 5-3 (Groundball, 5)
Batting: LHB Jorge Flores 0-0: Ball
1-0: Called Strike
1-1: Ball
2-1: Reached on error, E5 (Groundball, 56S)
Batting: RHB Jesús López 0-0: Ball
1-0: Foul Ball, location: 2F
1-1: Ground out 5-3 (Groundball, 5L)
Batting: RHB Kade Knowles 0-0: Called Strike
0-1: Ground out 6-3 (Groundball, 6)
Bottom of the 3rd over - 0 run(s), 0 hit(s), 1 error(s), 1 left on base; Springfield 4 - Marquette 0
TOP OF THE 4TH
Springfield Shooters batting - Pitching for Marquette Miners : RHP Dave Conley
Batting: RHB Jim Unknown 0-0: Called Strike
0-1: Fly out, F7 (Flyball, 7LM)
Batting: RHB Jim Unknown 0-0: Ball
1-0: Foul Ball, location: 2F
1-1: Swinging Strike
1-2: Foul Ball, location: 2F
1-2: Foul Ball, location: 2F
1-2: SINGLE (Line Drive, 7S)
Batting: RHB Jim Unknown 0-0: Foul Ball, location: 2F
0-1: Ball
1-1: SINGLE (Groundball, 4M)
Jim Unknown to second
Batting: LHB Jim Unknown 0-0: Ball
1-0: Ball
2-0: Swinging Strike
2-1: Ball
3-1: Foul Ball, location: 2F
3-2: Foul Ball, location: 2F
3-2: Foul Ball, location: 2F
3-2: Grounds into double play, 6-4-3 (Groundball, 6)
Top of the 4th over - 0 run(s), 2 hit(s), 0 error(s), 1 left on base; Springfield 4 - Marquette 0
BOTTOM OF THE 4TH
Marquette Miners batting - Pitching for Springfield Shooters : LHP Hank Downey
Batting: LHB Yannick Hendriksen 0-0: Ball
1-0: Foul Ball, location: 2F
1-1: Called Strike
1-2: Ball
2-2: Ball
3-2: Strikes out swinging
Batting: SHB Orlando Deleón 0-0: Called Strike
0-1: Fly out, F7 (Flyball, 78M)
Batting: RHB Isaac Downey 0-0: Ball
1-0: Called Strike
1-1: Called Strike
1-2: Fly out, F8 (Flyball, 8RS)
Bottom of the 4th over - 0 run(s), 0 hit(s), 0 error(s), 0 left on base; Springfield 4 - Marquette 0
TOP OF THE 5TH
Springfield Shooters batting - Pitching for Marquette Miners : RHP Dave Conley
Batting: RHB Tom Potts 0-0: Ball
1-0: Ball
2-0: Ball
3-0: Called Strike
3-1: Foul Ball, location: 2F
3-2: Base on Balls
Batting: SHB Adrián Pueblo 0-0: Ball
1-0: Sac Bunt - play at first, batter OUT! 2-4
Tom Potts to second
Batting: SHB Jared Jefferson 0-0: Ball
1-0: Ground out 4-3 (Groundball, 4)
Tom Potts to third
Batting: RHB Randy Galloway 0-0: Swinging Strike
0-1: Ball
1-1: Called Strike
1-2: Ground out 4-3 (Groundball, 4)
Top of the 5th over - 0 run(s), 0 hit(s), 0 error(s), 1 left on base; Springfield 4 - Marquette 0
BOTTOM OF THE 5TH
Marquette Miners batting - Pitching for Springfield Shooters : LHP Hank Downey
Batting: RHB Adrian Hale 0-0: Foul Ball, location: 2F
0-1: Bunt for hit - play at first, batter OUT! 1-3
Batting: RHB Manuel Herrera 0-0: DOUBLE (Groundball, 5L)
Batting: RHB Dave Moulin 0-0: Ball
1-0: Foul Ball, location: 2F
1-1: Ground out 4-3 (Groundball, 4)
Manuel Herrera to third
Batting: LHB Jorge Flores 0-0: Ground out 4-3 (Groundball, 4)
Bottom of the 5th over - 0 run(s), 1 hit(s), 0 error(s), 1 left on base; Springfield 4 - Marquette 0
TOP OF THE 6TH
Springfield Shooters batting - Pitching for Marquette Miners : RHP Dave Conley
Batting: LHB Pancho Ruíz 0-0: Called Strike
0-1: Foul Ball, location: 2F
0-2: Foul Ball, location: 2F
0-2: Strikes out looking
Batting: RHB Jim Unknown 0-0: Ball
1-0: Ball
2-0: Ball
3-0: Base on Balls
Batting: RHB Jim Unknown 0-0: Foul Ball, location: 2F
0-1: Called Strike
0-2: Strikes out swinging
Batting: RHB Jim Unknown 0-0: Ball
1-0: Ball
2-0: Ball
3-0: Base on Balls
Jim Unknown to second
Batting: LHB Jim Unknown 0-0: Ground out 4-3 (Groundball, 4)
Top of the 6th over - 0 run(s), 0 hit(s), 0 error(s), 2 left on base; Springfield 4 - Marquette 0
BOTTOM OF THE 6TH
Marquette Miners batting - Pitching for Springfield Shooters : LHP Hank Downey
Batting: RHB Jesús López 0-0: Ball
1-0: Ground out 6-3 (Groundball, 6)
Batting: RHB Kade Knowles 0-0: Ball
1-0: SINGLE (Line Drive, 8LS)
Batting: LHB Yannick Hendriksen 0-0: Ball
1-0: Called Strike
1-1: Ball
2-1: Grounds into double play, 1-6-3 (Groundball, 23)
Bottom of the 6th over - 0 run(s), 1 hit(s), 0 error(s), 0 left on base; Springfield 4 - Marquette 0
TOP OF THE 7TH
Springfield Shooters batting - Pitching for Marquette Miners : RHP Dave Conley
Batting: RHB Tom Potts 0-0: Called Strike
0-1: Ball
1-1: Ball
2-1: Fly out, F9 (Flyball, 9M)
Batting: SHB Adrián Pueblo 0-0: Ball
1-0: Ground out 1-3 (Groundball, 23)
Batting: SHB Jared Jefferson 0-0: Called Strike
0-1: Swinging Strike
0-2: Foul Ball, location: 2F
0-2: Ball
1-2: Ground out U3 (Groundball, 3L)
Top of the 7th over - 0 run(s), 0 hit(s), 0 error(s), 0 left on base; Springfield 4 - Marquette 0
BOTTOM OF THE 7TH
Marquette Miners batting - Pitching for Springfield Shooters : LHP Hank Downey
Batting: SHB Orlando Deleón 0-0: Ball
1-0: Foul Ball, location: 2F
1-1: Foul Ball, location: 2F
1-2: Ball
2-2: Foul Ball, location: 2F
2-2: Strikes out swinging
Batting: RHB Isaac Downey 0-0: Called Strike
0-1: Ball
1-1: Foul Ball, location: 2F
1-2: Strikes out swinging
Batting: RHB Adrian Hale 0-0: Ball
1-0: Swinging Strike
1-1: Foul Ball, location: 2F
1-2: Ball
2-2: SINGLE (Line Drive, 6M)
Batting: RHB Manuel Herrera 0-0: Called Strike
Adrian Hale is caught stealing 2nd base
Bottom of the 7th over - 0 run(s), 1 hit(s), 0 error(s), 0 left on base; Springfield 4 - Marquette 0
TOP OF THE 8TH
Springfield Shooters batting - Pitching for Marquette Miners : RHP Dave Conley
Batting: RHB Randy Galloway 0-0: Ball
1-0: Foul Ball, location: 2F
1-1: Ball
2-1: Foul Ball, location: 2F
2-2: Ball
3-2: Foul Ball, location: 2F
3-2: Fly out, F8 (Flyball, 8LXD)
Batting: LHB Pancho Ruíz 0-0: Ball
1-0: Ball
2-0: Foul Ball, location: 2F
2-1: Ball
3-1: Base on Balls
Batting: RHB Jim Unknown 0-0: Called Strike
0-1: Ball
1-1: Ball
2-1: Foul Ball, location: 2F
2-2: Ball
3-2: Fly out, F9 (Flyball, 9M)
Batting: RHB Jim Unknown 0-0: Ball
1-0: Foul Ball, location: 2F
1-1: SINGLE (Flyball, 6MD)
Pancho Ruíz to second
Batting: RHB Jim Unknown 0-0: Ball
1-0: Foul Ball, location: 2F
1-1: Foul Ball, location: 2F
1-2: Ground out 5-3 (Groundball, 5)
Top of the 8th over - 0 run(s), 1 hit(s), 0 error(s), 2 left on base; Springfield 4 - Marquette 0
BOTTOM OF THE 8TH
Marquette Miners batting - Pitching for Springfield Shooters : LHP Hank Downey
Batting: RHB Manuel Herrera 0-0: Ball
1-0: Ball
2-0: Ground out 6-3 (Groundball, 6)
Batting: RHB Dave Moulin 0-0: Called Strike
0-1: Swinging Strike
0-2: Ball
1-2: Ball
2-2: Ball
3-2: Base on Balls
Batting: LHB Jorge Flores 0-0: Called Strike
0-1: Ball
1-1: Foul Ball, location: 2F
1-2: SINGLE (Groundball, 6MD)
Dave Moulin to second
Batting: RHB Jesús López 0-0: Ball
1-0: Ball
2-0: Ball
3-0: Called Strike
3-1: Base on Balls
Dave Moulin to third
Jorge Flores to second
Batting: RHB Kade Knowles 0-0: Ball
1-0: Swinging Strike
1-1: Foul Ball, location: 2F
1-2: Grounds into double play, U6-3 (Groundball, 6M)
Bottom of the 8th over - 0 run(s), 1 hit(s), 0 error(s), 2 left on base; Springfield 4 - Marquette 0
TOP OF THE 9TH
Springfield Shooters batting - Pitching for Marquette Miners : RHP Dave Conley
Batting: LHB Jim Unknown 0-0: Called Strike
0-1: Ball
1-1: Ball
2-1: Ground out 6-3 (Groundball, 6)
Batting: RHB Tom Potts 0-0: Fly out, F7 (Line Drive, 78M)
Batting: SHB Adrián Pueblo 0-0: Ball
1-0: Foul Ball, location: 2F
1-1: Ball
2-1: Swinging Strike
2-2: Strikes out swinging
Top of the 9th over - 0 run(s), 0 hit(s), 0 error(s), 0 left on base; Springfield 4 - Marquette 0
BOTTOM OF THE 9TH
Marquette Miners batting - Pitching for Springfield Shooters : LHP Hank Downey
Pitching: RHP Jim Unknown
Batting: LHB Yannick Hendriksen 0-0: Called Strike
0-1: SINGLE (Groundball, 34)
Batting: SHB Orlando Deleón 0-0: Ball
1-0: Ball
2-0: Called Strike
2-1: Ground out 4-3 (Groundball, 4MS)
Yannick Hendriksen to second
Batting: RHB Isaac Downey 0-0: Called Strike
0-1: Ball
1-1: Called Strike
1-2: Strikes out swinging
Batting: RHB Adrian Hale 0-0: Called Strike
0-1: Called Strike
0-2: Ball
1-2: Ball
2-2: Strikes out swinging
Bottom of the 9th over - 0 run(s), 1 hit(s), 0 error(s), 1 left on base; Springfield 4 - Marquette 0
This league is powered by Out of the Park Baseball, the baseball management simulation game for PC, Mac and Linux
Friday, October 23rd, 2015 - OOTP Baseball 16.9 Build 39